 Dungeon Crawl Stone Soup version 0.27-a0-1565-gad902ab807 (webtiles) character file.

Game seed: 10670329580821006378

4 BorisBritva the Sneak (level 1, 0/14 HPs)
             Began as an Octopode Brigand on July 16, 2021.
             Succumbed to a kobold's poison
             ... on level 1 of the Dungeon.
             The game lasted 00:00:23 (228 turns).

BorisBritva the Sneak (Octopode Brigand)             Turns: 228, Time: 00:00:23

Health: 0/14       AC:  1    Str: 10    XL:     1   Next: 70%
Magic:  1/1        EV: 12    Int: 13    God:
Gold:   12         SH:  0    Dex: 13    Spells: 0/0 levels left

rFire    . . .     SeeInvis .   a - +2 dagger
rCold    . . .     Faith    .   (no shield)
rNeg     . . .     Spirit   .   (helmet restricted)
rPois    .         Reflect  .   (no amulet)
rElec    .         Harm     .   (no ring)
rCorr    .         Rampage  .   (no ring)
Will     .....                  (no ring)
Stlth    ++++......             (no ring)
HPRegen  0.04/turn              (no ring)
MPRegen  0.07/turn              (no ring)
                                (no ring)
                                (no ring)

@: lethally poisoned (0 -> -22)
A: almost no armour, amphibious, 8 rings, camouflage 1, gelatinous body 1,
(nimble swimmer 1), tentacles
a: no special abilities


You were on level 1 of the Dungeon.
You visited 1 branch of the dungeon, and saw 1 of its levels.

You collected 12 gold pieces.

Inventory:

Hand Weapons
 a - a +2 dagger (weapon)
Missiles
 b - 8 poisoned darts (quivered)
 c - 2 curare-tipped darts


   Skills:
 + Level 2.0 Fighting
 + Level 2.0 Short Blades
 - Level 2.0 Throwing
 + Level 1.0 Dodging
 + Level 5.7 Stealth


You couldn't memorise any spells.
You didn't know any spells.
Your spell library was empty.

Dungeon Overview and Level Annotations

Branches:
Dungeon (1/15)

Altars:


Innate Abilities, Weirdness & Mutations

You cannot wear most types of armour.
You are amphibious.
You can wear up to eight rings at the same time.
Your skin changes colour to match your surroundings (Stealth+).
Your rubbery body absorbs attacks. (AC +1, EV +1)
((You are camouflaged near water. (Stealth+)))
You have tentacles for arms and can constrict up to eight enemies at once.


Message History

The kobold is moderately wounded.
You constrict the kobold, but do no damage.
The kobold hits you with a +0 dagger.
You hit the kobold. You squeeze the kobold.
You kill the kobold!
No target in view!
HP restored.
You see here a +0 dagger.
Found 2 boomerangs.
A ball python and an endoplasm come into view.
The helpless ball python fails to defend itself.
You impale the ball python!!
You kill the ball python!
The helpless endoplasm fails to defend itself.
You impale the endoplasm!!
You kill the endoplasm!
Found a stone staircase leading down.
Found a faded altar of an unknown god.
Found a scroll labelled AHUDGH FOTUOTHA.
A kobold comes into view. It is wielding a +1 dagger of venom.
A ball python comes into view.
The kobold shouts!
The great orb of eyes turns its gaze towards you.
The ball python bites you but does no damage.
The ball python grabs you. The ball python constricts you.
The kobold hits you with a +1 dagger of venom.
You are poisoned.
You closely miss the ball python. Your grab misses the ball python.
You feel sick.
The golden eye turns its gaze towards you.
The ball python bites you but does no damage.
The ball python constricts you.
The kobold hits you with a +1 dagger of venom.
* * * LOW HITPOINT WARNING * * *
You are more poisoned.
You hit the ball python. You grab the ball python.
The ball python is severely wounded.
You constrict the ball python.
You kill the ball python!
You die...

##### ..... ##
###...### .
#..#G#...#G#..
..#..###...###.#
................
........K_.....#
......†@.......#
.....###...###.
.#.#.#G#...#G#
#.###...###. #..
#.......?...# #..
###..######## ...
#.## ##### #.# #.####
#<..### #.#
#######....♣♣##.##.♣#
#.#


You could see a great orb of eyes, an eye of devastation, a floating eye
(asleep), a golden eye and a kobold.

Vanquished Creatures
  3 ball pythons (D:1)
  An endoplasm (D:1)
  A kobold (D:1)
  A rat (D:1)
6 creatures vanquished.

Notes
Turn   | Place    | Note
-------+----------+-------------------------------------------
     0 | D:1      | BorisBritva the Octopode Brigand began the quest for the
                  | Orb.
     0 | D:1      | Reached XP level 1. HP: 14/14 MP: 1/1
   219 | D:1      | Found a faded altar of an unknown god.
   219 | D:1      | Noticed an eye of devastation
   223 | D:1      | Noticed a floating eye
   223 | D:1      | Noticed a golden eye
   223 | D:1      | Noticed a great orb of eyes
   228 | D:1      | Succumbed to a kobold's poison

Illustrated notes

Levels and vault maps discovered:
D:1:      sevenhm_arrival_forest_fort_small_4, layout_loops_ring,
          hellmonk_ecumenical_altar_watching_god, minmay_cut_off

Action                   || total
-------------------------++-------
Melee: Dagger            ||    12
       Constrict         ||     2
       Tentacles         ||     2
 Stab: Sleeping          ||     3
Armor: Skin              ||     2
Dodge: Dodged            ||     3

Table legend: (Time is in decaauts)
 A = Elapsed time spent in this place.
 B = Non-inter-level travel time spent in this place.
 C = Inter-level travel time spent in this place.
 D = Time resting spent in this place.
 E = Time spent auto-exploring this place.
 F = Levels seen in this place.
 G = Mean time per level.
                   A        B        C        D        E       F      G
               +--------+--------+--------+--------+--------+-----+--------+
         Total |    226 |    226 |      0 |      0 |    193 |   1 |  226.0 |
       Dungeon |    226 |    226 |      0 |      0 |    193 |   1 |  226.0 |
               +--------+--------+--------+--------+--------+-----+--------+

Top non-repeatable levels by time:
     D:1: 226 daAuts
